[Event "Early-Titled-Tuesday-Blitz-February-06-2024"]
[Site "Chess.com"]
[Date "2024.02.06"]
[Round "2"]
[White "Aradhya2000"]
[Black "jcreyes69"]
[Result "1-0"]
[WhiteElo "2695"]
[BlackElo "2413"]
[TimeControl "180+1"]
[EndTime "8:18:34 PST"]
[Termination "Aradhya2000 won by checkmate"]

1. d4 d5 2. c4 e6 3. Nf3 a6 4. cxd5 exd5 5. Nc3 Nf6 6. Bg5 Be6 7. Bxf6 Qxf6 8.
Qb3 Ra7 9. h4 b5 10. a4 b4 11.
Nxd5 Qd8 12. e4 c6 13. Qe3 cxd5 14. exd5 Qxd5 15. Rc1 Re7 16. Ne5 f6 17. Bc4 Qd6 18.
O-O Bxc4 19. Nxc4 Rxe3 20. Nxd6+ Bxd6 21. Rc8+ Kf7 22. Rxh8 Rb3 23. Rb1 Nc6 24. Kf1 Nxd4 25. h5 Nf5 26. Rc8 Be5 27. Rc6 a5 28. Rc5 Nd6 29.
Rxa5 Nc4 30. Rd5 Ke6 31. Rd8 Rxb2 32. Rxb2 Nxb2 33. Ke2 Nc4 34. Kd3 Nb2+ 35. Kc2 Nxa4 36. Kb3 Nc5+ 37. Kxb4 Ne4 38. f3 Ng3 39. h6 gxh6 40.
Rh8 Kf5 41. Rxh7 Bf4 42. Kc4 Kg5 43. Kd3 Nf5 44. Rh8 Ne3 45. Rg8+ Kh4 46. g3+ Bxg3 47. Kxe3 Be5 48. Ke4 Bc7 49. f4 h5 50. Kf5 Bd6 51. Rg6 Kh3 52. Rxf6 Bb8 53. Rh6 h4 54. Kg5 Be5 55.
Rxh4+ Kg3 56. fxe5 Kf3 57. e6 Kg2 58. e7 Kf2 59.
e8=Q Kg1 60. Qe1+ Kg2 61. Rg4+ Kf3 62. Qe4+ Kf2 63. Rg2+ Kf1 64. Qe2# 1-0

[Event "Early-Titled-Tuesday-Blitz-February-06-2024"]
[Site "Chess.com"]
[Date "2024.02.06"]
[Round "2"]
[White "Iunusovnuriddin"]
[Black "MaxLeto"]
[Result "0-1"]
[WhiteElo "2301"]
[BlackElo "2505"]
[TimeControl "180+1"]
[EndTime "8:18:34 PST"]
[Termination "MaxLeto won by resignation"]

1. e4 c5 2. c3 Nf6 3. e5 Nd5 4. d4 cxd4 5. Qxd4 e6 6. Nf3 Nc6 7. Qe4 d6 8. Bb5 Bd7 9. c4 Nc7 10.
Bg5 Qb8 11. O-O Nxb5 12. cxb5 Nxe5 13. Nxe5 dxe5 14. Nc3 f6 15. Be3 Be7 16. Rad1 Bc8 17. f4 exf4 18. Bxf4 e5 19. Nd5 Bc5+ 20. Be3 Bxe3+ 21.
Qxe3 O-O 22. Rc1 Qd6 23. Rfd1 Bg4 24. Rd2 Rfd8 25. h3 Bh5 26. Rcc2 Bg6 27. Nc3 Qe7 28. Rxd8+ Rxd8 29. Rd2 b6 30. Rxd8+ Qxd8 31. Qe2 Bd3 32.
Qd2 Qd4+ 33. Kh2 g5 34. g3 h5 35. a4 Kg7 36. a5 bxa5 37. Nd1 Bxb5 38. Qc2 a4 39. Qc7+ Kg6 40. Nc3 Qd2+ 41. Kh1 Qc1+ 42. Kg2 Qxb2+ 43. Kf3 Qb3 44. Ke3 Qc4 45. Qa5 Qd3+ 46.
Kf2 Qd4+ 47. Ke1 Qc4 48. Qxb5 Qxc3+ 49. Ke2 Qb3 50. Qe8+ Kf5 51. Qd7+ Ke4 52. Qc6+ Kd4 53. Qd6+ Qd5 54. Qb4+ Qc4+ 0-1

[Event "Early-Titled-Tuesday-Blitz-February-06-2024"]
[Site "Chess.com"]
[Date "2024.02.06"]
[Round "2"]
[White "leschebaza"]
[Black "luckyswitchback"]
[Result "0-1"]
[WhiteElo "2419"]
[BlackElo "2703"]
[TimeControl "180+1"]
[EndTime "8:18:36 PST"]
[Termination "luckyswitchback won on time"]

1. Nf3 d5 2. c4 d4 3. d3 Nc6 4. e3 e5 5. exd4 exd4 6. g3 Nf6 7. Bg2 Bb4+ 8. Bd2 a5 9. O-O O-O 10. Na3 Bg4 11. Bf4 Nh5 12. Qc1 Nxf4 13. Qxf4 Qd7 14. Nb5 Rac8 15. Ne5 Nxe5 16. Qxe5 c6 17. Nxd4 Rcd8 18.
Nc2 Rfe8 19. Qg5 Be2 20. Rfe1 Bxe1 21. Rxe1 Bxd3 22. Rxe8+ Rxe8 23. Ne3 Bg6 24. h4 Qe7 25. Qxa5 f6 26. h5 Bf7 27. a3 h6 28. Bf3 Qe5 29. Qb4 Bxh5 30. Bxh5 Qxh5 31. Qxb7 Qf3 32. Qd7 Rb8 33.
b4 Qh5 34. Qxc6 Rd8 35. Nd5 Qf7 36. Qc7 Qe8 37. b5 Rd7 38. Qf4 Qe1+ 39. Kg2 Qe8 40. Qf3 Rf7 41. a4 Qe5 42. a5 h5 43. a6 h4 44. Qf4 h3+ 45. Kxh3 Qe1 46. Kg2 Qa1 47. Qe3 Qa4 48. Qd3 Kf8 49. Nf4 Kg8 50. Ng6 Qa5 51. Qd8+ Qxd8 52. a7 Qa8+ 53. f3 Qxa7 54. c5 Qxc5 55. Ne7+ Qxe7 0-1

[Event "Early-Titled-Tuesday-Blitz-February-06-2024"]
[Site "Chess.com"]
[Date "2024.02.06"]
[Round "2"]
[White "Manon-reja"]
[Black "ErikRonka"]
[Result "0-1"]
[WhiteElo "2319"]
[BlackElo "2521"]
[TimeControl "180+1"]
[EndTime "8:18:37 PST"]
[Termination "ErikRonka won on time"]

1. e4 c6 2. d4 d5 3. exd5 cxd5 4.
c4 Nf6 5. Nc3 g6 6. Nf3 Bg7 7. cxd5 Nxd5 8. Bc4 Nb6 9. Bb3 O-O 10. O-O Nc6 11. d5 Na5 12. Be3 Nxb3 13. Qxb3 Bf5 14. Bd4 Rc8 15. Bxg7 Kxg7 16. Rfd1 Nc4 17.
Qxb7 a5 18. b3 Nd6 19. Qa7 Qc7 20. Qd4+ Kg8 21. Rac1 Nb5 22. Qc4 Nd6 23. Qxc7 Rxc7 24. Nd4 Rfc8 25. Nce2 Be4 26. Nc6 Kf8 27. Nxa5 Rxc1 28.
Rxc1 Ra8 29. b4 Bxd5 30. a4 Rb8 31. b5 Ra8 32. Nc3 Rxa5 33. Nxd5 Rxa4 34. b6 Ra2 35. Rb1 Ra8 36. h3 Rb8 37. Nc7 Nc8 38. Nd5 e6 39. Nf6 Rb7 40. Nxh7+ Ke7 41. Ng5 e5 42. Ne4 Rxb6 43. Rxb6 Nxb6 44. g4 Ke6 45. g5 Nd5 46.
Kg2 Nf4+ 47. Kg3 Kf5 48. f3 Nh5+ 49. Kf2 Ng7 50. h4 Ne8 51. Ng3+ Ke6 52. Ne4 Ng7 53.
Kg3 Nf5+ 54. Kg4 Nd4 55. h5 gxh5+ 56. Kxh5 Nxf3 57. Kg4 Nd4 58. Kh5 Nc6 59. g6 f5 60.
g7 Ne7 61. Ng5+ Kf6 62. Kh6 e4 63. Nh7+ Ke5 64. Ng5 f4 65. Kh7 f3 66. Nh3 e3 0-1

[Event "Early-Titled-Tuesday-Blitz-February-06-2024"]
[Site "Chess.com"]
[Date "2024.02.06"]
[Round "2"]
[White "Schattman"]
[Black "Makswolf200817"]
[Result "0-1"]
[WhiteElo "2427"]
[BlackElo "2724"]
[TimeControl "180+1"]
[EndTime "8:18:38 PST"]
[Termination "Makswolf200817 won on time"]

1. b3 e5 2. c4 b5 3. cxb5 a6 4.
bxa6 d5 5. a7 Rxa7 6. Bb2 Bd6 7.
Nf3 Qe7 8. e3 Nf6 9. Bb5+ c6 10.
Be2 O-O 11. d3 Na6 12. O-O Rd7 13. Nc3 Bb7 14. d4 e4 15. Ne5 Bxe5 16. dxe5 Qxe5 17. Na4 Qg5 18. Bxa6 Bxa6 19. Bxf6 Qxf6 20. Nc5 Ra7 21. Nxa6 Rxa6 22. Qc2 Rfa8 23. Rfc1 h5 24. h3 h4 25. a4 Qg5 26. Kh1 Rb8 27. Rab1 Qe7 28. Qc5 Qxc5 29.
Rxc5 Kf8 30. Kh2 Ke7 31. Rcc1 Kd6 32. g3 Rh8 33. gxh4 Rxh4 34. Ra1 Rh8 35. b4 Rb8 36. b5 cxb5 37. axb5 Rxa1 38. Rxa1 Rxb5 39. Ra7 Ke6 40.
Ra6+ Kf5 41. Ra7 Kg6 42. Ra6+ f6 43. Rd6 Kf5 44. Rd7 g5 45. Kg3 Ke6 46. Rd8 Rb2 47.
Re8+ Kf5 48. Rd8 Rd2 49. Rd7 Rd3 50. Kg2 Ke6 51. Rd8 f5 52. Re8+ Kf7 53. Rd8 f4 54. exf4 gxf4 55. Rd7+ Ke6 56. Rd8 d4 57. Re8+ Kf5 58. h4 Ra3 59. h5 d3 60. h6 Ra7 0-1

[Event "Early-Titled-Tuesday-Blitz-February-06-2024"]
[Site "Chess.com"]
[Date "2024.02.06"]
[Round "2"]
[White "Orphanator2009"]
[Black "SoyuzTM4"]
[Result "1-0"]
[WhiteElo "2454"]
[BlackElo "2183"]
[TimeControl "180+1"]
[EndTime "8:18:38 PST"]
[Termination "Orphanator2009 won on time"]

1. e4 c5 2. Nf3 d6 3. d4 cxd4 4.
Nxd4 Nf6 5. Nc3 e6 6. Be3 Nc6 7. f3 Be7 8. Qd2 O-O 9. O-O-O a6 10.
Kb1 Qc7 11. a3 Nd7 12. Be2 b5 13. Nxc6 Qxc6 14. Bf4 Ne5 15. h4 Rb8 16. h5 a5 17.
Na2 b4 18. axb4 axb4 19. Nxb4 Qa4 20. c3 Ra8 21. g4 Bb7 22. Bxe5 dxe5 23. Qd7 Bxb4 24. Qxa4 Rxa4 25. cxb4 Rxb4 26. Rd7 Rb8 27. Rhd1 h6 28. Rd8+ Rxd8 29. Rxd8+ Kh7 30. Rd7 Kg8 31. Kc2 f5 32. Kc3 Rb6 33. Bd3 fxe4 34. Bxe4 Bxe4 35. fxe4 Rc6+ 36. Kd3 Rb6 37. Kc2 Rc6+ 38. Kb3 Rb6+ 39. Kc3 Rc6+ 40. Kd3 Rb6 41. Rd8+ Kf7 42. Kc2 Kf6 43.
Rd7 Rb4 44. Kd3 Rxb2 45. Ke3 Rb3+ 46. Kf2 Rb2+ 47. Kf3 Rb4 48. Rc7 Rb3+ 49. Kf2 Rh3 50. Kg2 Re3 51. Kf2 Rxe4 52. Kf3 Rf4+ 53.
Kg3 Rd4 54. Rc8 Rd3+ 55. Kf2 Kg5 56. Rc7 Kxg4 57. Rxg7+ Kxh5 58. Re7 1-0

[Event "Early-Titled-Tuesday-Blitz-February-06-2024"]
[Site "Chess.com"]
[Date "2024.02.06"]
[Round "2"]
[White "Vaathi_Coming"]
[Black "FoxOnTheRun97"]
[Result "0-1"]
[WhiteElo "2933"]
[BlackElo "2642"]
[TimeControl "180+1"]
[EndTime "8:18:39 PST"]
[Termination "FoxOnTheRun97 won by resignation"]

1. Nf3 Nf6 2. g3 d5 3. Bg2 Bf5 4. O-O e6 5. c4 c6 6. Qb3 Qb6 7.
Nc3 Nbd7 8. d3 h6 9. Be3 Qxb3 10.
axb3 a6 11. Bd4 Be7 12. e4 dxe4 13. dxe4 Bh7 14. e5 Ne4 15. Nxe4 Bxe4 16. Rfe1 Bh7 17. Bc3 Nc5 18. Nd4 O-O 19. Re3 Nd3 20. Ra4 Rfd8 21.
Bf1 Nc5 22. Ra1 Ne4 23. Bd3 Nxc3 24. Bxh7+ Kxh7 25. bxc3 c5 26. Nf3 Rd7 27. Kf1 Rad8 28. Ke2 Kg6 29. h4 Kf5 30. h5 Bg5 31. Nxg5 Kxg5 32.
Rh1 Rd2+ 33. Kf3 Rb2 34. Kg2 Rdd2 35. Rf3 f5 36. exf6 gxf6 37. Rh4 f5 38. Rh1 Rxb3 39.
Re1 Rb6 40. Rfe3 Kf6 41. Re5 Rc6 42. Kf3 Rd3+ 43. Kg2 Rxc3 44. R5e2 Rxc4 45. Rd2 Rd4 46. Ra2 b5 47. Kf3 c4 48. Ke3 Rd3+ 49. Ke2 Rd5 50. Kf3 c3 51. Rc2 b4 52. Rb1 a5 53. Kg2 Rd2 54.
Rcc1 Rc4 55. Ra1 Rc5 56. Ra4 c2 0-1

[Event "Early-Titled-Tuesday-Blitz-February-06-2024"]
[Site "Chess.com"]
[Date "2024.02.06"]
[Round "2"]
[White "Rud_Makarian"]
[Black "kingofthenil"]
[Result "0-1"]
[WhiteElo "3025"]
[BlackElo "2668"]
[TimeControl "180+1"]
[EndTime "8:18:40 PST"]
[Termination "kingofthenil won on time"]

1. d4 Nf6 2. c4 e6 3. Nf3 Bb4+ 4. Bd2 a5 5. a3 Be7 6. Nc3 d5 7. Bf4 O-O 8. e3 c6 9. h3 Nbd7 10. cxd5 exd5 11. Bd3 Ne8 12. O-O Bd6 13. Qc2 Bxf4 14. exf4 h6 15. Rae1 Nd6 16. Ne5 Qb6 17. Qd2 Nf6 18. g4 Rd8 19. f3 Qxd4+ 20. Kh2 Kf8 21. Ne2 Qb6 22. g5 Nc4 23. Bxc4 dxc4 24. Qc2 hxg5 25.
fxg5 Qe3 26. Ng6+ fxg6 27. gxf6 Rd2 28. fxg7+ Kg8 29. Qxc4+ Be6 30. Qe4 Qxe4 31. fxe4 Bc4 32. Rf2 Re8 33. Kg2 Rxe4 34. Nc3 Rxf2+ 35. Kxf2 Rxe1 36.
Kxe1 Kxg7 37. Kf2 Kf6 38. Kg3 Ke5 39. Kg4 Kd4 40. Kg5 Bd3 41. h4 b5 42. Nd1 Kc4 43.
Nf2 Bc2 44. Ng4 Kb3 45. Ne5 Kxb2 46. Nxg6 b4 47. h5 bxa3 48. h6 Bxg6 49. Kxg6 a2 50.
h7 a1=Q 51. h8=Q+ Ka2 52. Qa8 Qg1+ 53. Kf5 Qb6 54. Ke4 Qb4+ 55. Kd3 c5 56. Kc2 Qb2+ 57. Kd3 Qb3+ 58. Kd2 a4 0-1

[Event "Early-Titled-Tuesday-Blitz-February-06-2024"]
[Site "Chess.com"]
[Date "2024.02.06"]
[Round "2"]
[White "Manukyan_Artak"]
[Black "the_blue_pill"]
[Result "0-1"]
[WhiteElo "2488"]
[BlackElo "2313"]
[TimeControl "180+1"]
[EndTime "8:18:40 PST"]
[Termination "the_blue_pill won by resignation"]

1. e4 c5 2. Nf3 d6 3. Bb5+ Bd7 4. Bxd7+ Qxd7 5. c4 Nc6 6. Nc3 Nf6 7. O-O g6 8. d4 cxd4 9. Nxd4 Bg7 10. Be3 Ng4 11.
Nxc6 Nxe3 12. fxe3 bxc6 13. Qd3 O-O 14. Rad1 Qe6 15. b3 Bxc3 16. Qxc3 Qxe4 17. c5 d5 18. Rd4 Qe5 19. e4 dxe4 20. Qc4 e6 21.
Rxe4 Qd5 22. Rd4 Qxc4 23. bxc4 Rfd8 24. Rd6 Rxd6 25. cxd6 c5 26. Kf2 Rd8 27. Rd1 Kf8 28. Ke3 Ke8 29. Rd3 f6 30. Ke4 a6 31. h4 h5 32. g3 Rd7 33. a4 Rb7 34. Rf3 Kf7 35. Rd3 Rd7 36. Kf4 e5+ 37. Ke4 Ke6 38. Rd5 Rxd6 39.
Rxc5 f5+ 40. Ke3 e4 41. Ra5 Rc6 42. Kd4 Kd6 43. Rd5+ Ke6 44. Ra5 Rd6+ 45. Ke3 Rd3+ 46. Kf2 Rc3 47. Rxa6+ Ke5 48. Rxg6 Rxc4 49. a5 Rc2+ 50.
Ke3 Rc3+ 51. Kf2 Rf3+ 52. Kg2 Ra3 53. a6 Ra2+ 54. Kh3 e3 55. Rg8 Ke4 56. Re8+ Kf3 57.
Re5 f4 58. Rf5 e2 59. Rxf4+ Ke3 60. Rf8 e1=Q 61. Re8+ Kf2 62. Rxe1 Kxe1 63. g4 Ra3+ 64. Kg2 hxg4 65. h5 Rxa6 66. Kg3 Ra4 67. h6 Ke2 68. h7 Ra8 69. Kxg4 Rh8 70. Kg5 Rxh7 0-1

[Event "Early-Titled-Tuesday-Blitz-February-06-2024"]
[Site "Chess.com"]
[Date "2024.02.06"]
[Round "2"]
[White "Pingah9"]
[Black "Maitreia"]
[Result "0-1"]
[WhiteElo "2533"]
[BlackElo "2742"]
[TimeControl "180+1"]
[EndTime "8:18:42 PST"]
[Termination "Maitreia won on time"]

1. e4 c5 2. Nc3 g6 3. g3 Bg7 4. Bg2 Nc6 5. d3 Nf6 6. Be3 d6 7.
h3 O-O 8. Qd2 Rb8 9. a4 a6 10.
Nge2 b5 11. axb5 axb5 12. Bh6 b4 13. Nd1 Bb7 14. O-O Ra8 15. Bxg7 Rxa1 16. Bxf8 Qxf8 17. Ne3 Qa8 18. c3 Rxf1+ 19. Bxf1 Qa1 20. Kh2 Qb1 21. f4 bxc3 22. bxc3 Ba6 23. c4 Bb7 24. Bg2 Nd7 25. h4 Nb4 26. Nc1 h5 27. g4 Nf6 28. g5 Ne8 29. f5 Nc7 30. fxg6 fxg6 31. Bh3 Qa1 32. Ne2 Qe5+ 33. Kg2 Bxe4+ 34. dxe4 Qxe4+ 35. Kh2 Nd3 36. Ng3 Qd4 37. Nd5 Nxd5 38. Be6+ Kg7 39. Bxd5 Qxh4+ 40. Kg2 Nf4+ 41. Kf3 Qg4+ 42. Kf2 Nh3+ 43. Kg2 Nxg5 44. Qc3+ Kh7 45. Qe3 e5 46. Qb3 h4 47.
Qb7+ Kh6 48. Qb8 Qxg3+ 49. Kf1 Qf4+ 50. Ke2 e4 51. Qh8+ Nh7 52. Bg8 Qf3+ 53. Ke1 Qe3+ 54.
Kf1 Qf4+ 55. Ke1 Qc1+ 56. Ke2 Qc2+ 57. Ke3 Qd3+ 58. Kf2 e3+ 59. Kg1 Qd1+ 60. Kg2 Qg4+ 61. Kh2 Qf4+ 62. Kh1 Qe4+ 63. Kh2 e2 64. Qxh7+ Kg5 65.
Bd5 Qe5+ 66. Kh3 e1=Q 0-1

[Event "Early-Titled-Tuesday-Blitz-February-06-2024"]
[Site "Chess.com"]
[Date "2024.02.06"]
[Round "2"]
[White "hakanazeri2"]
[Black "amintabatabaei"]
[Result "1-0"]
[WhiteElo "2648"]
[BlackElo "2946"]
[TimeControl "180+1"]
[EndTime "8:18:44 PST"]
[Termination "hakanazeri2 won by resignation"]

1. Nf3 Nf6 2. c4 b6 3. g3 Bb7 4. Bg2 g6 5. O-O Bg7 6. Nc3 O-O 7. Re1 c5 8. e4 d6 9. d4 cxd4 10. Nxd4 Qc8 11. b3 Nc6 12. Nxc6 Bxc6 13. Bb2 Qb7 14.
Nd5 Bxd5 15. exd5 Rfe8 16. a4 a6 17. Qd3 Rab8 18. Bd4 Nd7 19. Bxg7 Kxg7 20. Qd4+ Kg8 21.
Re3 b5 22. axb5 axb5 23. Ra7 Qb6 24. Qxb6 Nxb6 25. cxb5 Nc8 26. Rc7 Rxb5 27. Bh3 Nb6 28. Rb7 Rb4 29. Bd7 Rd8 30. Bc6 Kg7 31. Rexe7 Rf8 32. Re3 Ra8 33. Kg2 Rd8 34. Rf3 Rf8 35. Rf4 Rxf4 36. gxf4 Nc8 37. b4 Kf6 38. b5 Ne7 39.
Rd7 Rb8 40. Rxd6+ Kf5 41. Rd7 Kf6 42. d6 Nf5 43. Bd5 g5 44. Rxf7+ Kg6 45. Rb7 Rxb7 46. Bxb7 Nxd6 47. Bc6 Nc4 48. fxg5 Kxg5 49. Kf3 Kf5 50. Be4+ Ke5 51. Bxh7 Nd6 52. Bd3 Kd4 53. Ke2 Nb7 54.
h4 Nc5 55. b6 Kd5 56. h5 Kc6 57. h6 Ne6 58. h7 1-0

[Event "Early-Titled-Tuesday-Blitz-February-06-2024"]
[Site "Chess.com"]
[Date "2024.02.06"]
[Round "2"]
[White "Leebit02"]
[Black "carokannlover213"]
[Result "1-0"]
[WhiteElo "2571"]
[BlackElo "2765"]
[TimeControl "180+1"]
[EndTime "8:18:45 PST"]
[Termination "Leebit02 won by checkmate"]

1. d4 e6 2. Nf3 Nf6 3. c4 d5 4. g3 dxc4 5. Bg2 Bd7 6. O-O Bc6 7. Qc2 b5 8. a4 a6 9. Nbd2 Be7 10. e4 O-O 11.
Rd1 Nbd7 12. b3 c3 13. Qxc3 Bb7 14. Qe3 Rc8 15. axb5 axb5 16. Ra7 Rb8 17. Bb2 c5 18. Qe2 Qb6 19. Raa1 cxd4 20. Nxd4 Bc5 21. Nf1 Rfd8 22. Nc2 h5 23. b4 Bf8 24. Bd4 Qc7 25. Rac1 Bc6 26.
Nce3 Qb7 27. Nd2 Bxb4 28. Nc2 Bxd2 29. Rxd2 Bxe4 30. Bxe4 Nxe4 31. Rd3 Ndf6 32. Re3 b4 33. Rb1 Qd5 34. Bxf6 Nxf6 35. Rxb4 Rxb4 36. Nxb4 Qc5 37. Nd3 Qc4 38. Kg2 Nd5 39. Rf3 Nc3 40. Qe3 Qd5 41. Nf4 Qa8 42. Qxc3 h4 43. gxh4 Qe4 44. Qe3 Qb1 45. Nh3 Rd1 46. Kg3 Qb8+ 47. Qf4 Qe8 48. Qg4 Rd5 49. Ng5 Re5 50. Nxf7 Rf5 51. Nh6+ Kh7 52.
Nxf5 exf5 53. Qxf5+ Kh6 54. Qg5+ Kh7 55. Qg4 Qb8+ 56.
Kh3 Qe8 57. h5 Qe1 58. Qg6+ Kg8 59. Qf7+ Kh7 60. Qf5+ Kh8 61. Rg3 Qf1+ 62. Kh4 Qa6 63. Qf8+ Kh7 64. Qxg7# 1-0

[Event "Early-Titled-Tuesday-Blitz-February-06-2024"]
[Site "Chess.com"]
[Date "2024.02.06"]
[Round "2"]
[White "frequentblunders"]
[Black "NovakRatko"]
[Result "1-0"]
[WhiteElo "2190"]
[BlackElo "2426"]
[TimeControl "180+1"]
[EndTime "8:18:46 PST"]
[Termination "frequentblunders won by resignation"]

1. d3 d5 2. f4 c5 3. Nf3 Nc6 4. g3 f6 5. Bg2 e5 6. O-O Bd6 7. e4 d4 8. f5 g6 9. g4 h5 10. h3 hxg4 11. hxg4 gxf5 12. gxf5 Nge7 13. a4 Rg8 14. Na3 Nxf5 15. exf5 Bxf5 16. Nh4 Bg4 17. Qe1 f5 18. Nc4 f4 19. Bxf4 Qd7 20. Bxe5 Bxe5 21.
Nxe5 Nxe5 22. Qxe5+ Kd8 23. Rae1 Bh3 24. Qf6+ Kc8 25. Re7 Qd8 26. Kh2 Bxg2 27. Nxg2 a6 28. Qe6+ Kb8 29. Rff7 Ra7 30. Qe5+ Ka8 31. Nf4 Qc8 32. Qe6 Qb8 33. Qe5 Qc8 34. Nd5 Rh8+ 35. Rh7 Rxh7+ 36. Rxh7 Qd8 37. Nc7+ Kb8 38. Nxa6+ Ka8 39.
Nc7+ Kb8 40. Nb5+ Ka8 41. Nxa7 Kxa7 42. Qxc5+ Kb8 43. Qe5+ Ka8 44. Qe7 Qb8+ 45. Qc7 Ka7 46. Qxb8+ Kxb8 47. Rd7 Ka7 48. Rxd4 Kb6 49. c3 Kc5 50.
Rb4 b6 51. Rb5+ Kc6 52. Kg3 Kc7 53. Kf3 Kc6 54. Ke4 Kc7 55. c4 Kb7 56. d4 Ka7 57. Ke5 Ka6 58. Kd6 Kb7 59. b4 Ka8 60. Rh5 Ka7 61.
b5 Kb7 62. Rh7+ Kc8 63. Kc6 Kd8 64. Kxb6 Ke8 65. a5 Kd8 66. a6 Kc8 67. a7 1-0

[Event "Early-Titled-Tuesday-Blitz-February-06-2024"]
[Site "Chess.com"]
[Date "2024.02.06"]
[Round "2"]
[White "AlexandraSamaganova"]
[Black "yaguigor"]
[Result "0-1"]
[WhiteElo "2386"]
[BlackElo "2769"]
[TimeControl "180+1"]
[EndTime "8:18:47 PST"]
[Termination "yaguigor won on time"]

1. c4 c6 2. e4 d5 3. exd5 cxd5 4. d4 Nf6 5. Nc3 Nc6 6. Nf3 Bg4 7. Be3 e6 8. Be2 dxc4 9. O-O Be7 10. h3 Bh5 11.
Bxc4 O-O 12. a3 Nd5 13. Nxd5 exd5 14. Be2 Bf6 15. Rc1 Qb6 16. b4 Rad8 17. Qd2 Bxf3 18. Bxf3 Bxd4 19. Bg5 f6 20. Bf4 Ne5 21. Be2 a6 22.
Rfd1 Nc6 23. Bg4 Rfe8 24. Bf3 Re7 25. Rxc6 Bxf2+ 26. Qxf2 Qxf2+ 27. Kxf2 bxc6 28. Rc1 d4 29. Bxc6 d3 30. Rd1 Re2+ 31. Kf3 Ra2 32. b5 axb5 33. Bxb5 Rxa3 34. Rd2 Rc3 35. Be3 Kf7 36. Ba6 g5 37. Bb7 h5 38. Be4 h4 39. Bf5 Rd5 40. Be4 Rd8 41. Bf5 Ke7 42. g3 hxg3 43. Kxg3 Rd5 44.
Be4 Re5 45. Kf3 Rb3 46. Rxd3 Rxd3 47. Bxd3 Ke6 48. Bd4 Ra5 49. Bc4+ Ke7 50. Bd3 f5 51. Be3 Kf6 52. Bd4+ Kg6 53. Be2 Ra3+ 54. Kf2 Rxh3 55. Bc5 Rh2+ 56. Kf1 g4 57. Bb5 Rc2 58. Bd6 Rb2 59. Be8+ Kf6 60. Bf4 Rb4 61. Be3 Re4 0-1

[Event "Early-Titled-Tuesday-Blitz-February-06-2024"]
[Site "Chess.com"]
[Date "2024.02.06"]
[Round "2"]
[White "rasmussvane"]
[Black "viktorskliarov"]
[Result "1-0"]
[WhiteElo "2958"]
[BlackElo "2631"]
[TimeControl "180+1"]
[EndTime "8:18:48 PST"]
[Termination "rasmussvane won by resignation"]

1. Nf3 g6 2. e4 c5 3. c4 Nc6 4.
d4 cxd4 5. Nxd4 Bg7 6. Be3 Nf6 7. Nc3 Ng4 8. Qxg4 Nxd4 9. Qd1 Ne6 10. Rc1 d6 11. Be2 b6 12. O-O Bb7 13. Qd2 O-O 14. f3 Rc8 15. Rfd1 f5 16. exf5 gxf5 17. f4 Nc5 18.
Rf1 e5 19. Rcd1 Ne4 20. Nxe4 Bxe4 21. b3 d5 22. fxe5 Bxe5 23. Bd4 Bxd4+ 24. Qxd4 Qg5 25.
Bf3 dxc4 26. Bxe4 fxe4 27. Rxf8+ Rxf8 28. Qxc4+ Kh8 29. Qxe4 Qc5+ 30. Qd4+ Qxd4+ 31. Rxd4 Rf7 32. g3 Kg7 33. Kg2 Kg6 34. Rg4+ Kh6 35. Rf4 Rc7 36. Rf2 Kg6 37. h4 h5 38. Kh3 Rc3 39. Rd2 Rc7 40. Rd6+ Kg7 41. b4 Kh7 42. a3 Kg7 43. b5 Kh7 44. a4 Kg7 45. Rc6 Rd7 46. Kg2 Rf7 47. Re6 Kh7 48. Re4 Kg6 49. Rf4 Rc7 50. Re4 Rd7 51.
Kf3 Kf6 52. Kf4 Kg6 53. Rc4 Rf7+ 54. Ke5 Rf3 55. Rc6+ Kg7 56. Rc7+ Kg6 57. Rxa7 Rxg3 58. Ra6 Rg4 59. Rxb6+ Kg7 60. a5 Rxh4 61. a6 Ra4 62. Rb7+ Kg6 63. a7 h4 64. b6 h3 65.
Rb8 h2 66. Rh8 Ra2 67. b7 Ra5+ 68. Kd4 Rxa7 69. b8=Q Rh7 70. Rxh7 Kxh7 71. Qxh2+ 1-0

[Event "Early-Titled-Tuesday-Blitz-February-06-2024"]
[Site "Chess.com"]
[Date "2024.02.06"]
[Round "2"]
[White "Kleyton_Lima"]
[Black "Janosik"]
[Result "0-1"]
[WhiteElo "2593"]
[BlackElo "2872"]
[TimeControl "180+1"]
[EndTime "8:18:49 PST"]
[Termination "Janosik won by resignation"]

1. e4 e5 2. Nf3 Nc6 3. d4 exd4 4. Nxd4 Bc5 5. Nb3 Bb6 6. Nc3 Nf6 7. Bg5 h6 8. Bh4 d6 9. Bb5 O-O 10. f3 Ne5 11.
Nd5 g5 12. Nxb6 axb6 13. Bg3 Nh5 14. O-O Qf6 15. Nd4 c6 16. Be2 Bd7 17. Qd2 Nf4 18. Bxf4 gxf4 19. g3 Ng6 20. a3 Kh8 21. Rad1 Rg8 22.
Kf2 c5 23. Nf5 Bxf5 24. exf5 Qxf5 25. Bd3 Qh3 26. Rh1 Rae8 27. Bxg6 Rxg6 28. Qxf4 Qd7 29. Rhe1 Rxe1 30. Rxe1 Kg7 31. Kg2 Qb5 32. b3 Qa5 33.
Rd1 Qxa3 34. Rxd6 Rxd6 35. Qxd6 Qb2 36. Qd3 b5 37. h4 b4 38. g4 b5 39. g5 hxg5 40.
hxg5 Qe5 41. Qxb5 Qxg5+ 42. Kh3 Qf5+ 43. Kg3 Qxc2 44. Qd7 Qxb3 45. Qg4+ Kf6 46. Qf4+ Ke6 47. Qe4+ Kd6 48. Qf4+ Kc6 49. Qe4+ Qd5 50. Qe8+ Qd7 51. Qa8+ Kb5 52. Qb8+ Kc4 53. Qf4+ Kb3 54. Qc1 Qd6+ 55. f4 Qd3+ 56. Kg4 Qc3 57. Qb1+ Ka4 58. Qa2+ Kb5 59. Qxf7 b3 60. Qb7+ Kc4 61. f5 b2 62. Kg5 Qc1+ 63.
Kf6 b1=Q 64. Qf7+ Kb4 65. Qb7+ Kc3 66. Qc7 Qb4 67. Qg3+ Kb2 68. Qf2+ Qc2 69. Qf1 Qd4+ 70. Kg6 c4 71. Kh7 Qdd3 72. Kg6 Qxf1 0-1

[Event "Early-Titled-Tuesday-Blitz-February-06-2024"]
[Site "Chess.com"]
[Date "2024.02.06"]
[Round "2"]
[White "Flameboard08"]
[Black "ValentinDragnev"]
[Result "1/2-1/2"]
[WhiteElo "2553"]
[BlackElo "2762"]
[TimeControl "180+1"]
[EndTime "8:18:56 PST"]
[Termination "Game drawn - insufficient material"]

1. f4 Nh6 2. Nf3 d5 3. g3 d4 4. Bg2 Nf5 5. O-O g6 6. e4 dxe3 7. dxe3 Qxd1 8. Rxd1 Nd6 9. Nc3 Bg7 10. Nd5 Na6 11. Bf1 c6 12. Bxa6 cxd5 13. Be2 Bf5 14. c3 e6 15. Nd4 Be4 16. b3 O-O 17. Ba3 Rfd8 18. Rac1 Rac8 19. Kf2 h5 20. Bxd6 Rxd6 21. Nb5 Rdd8 22. Bf3 Bxf3 23. Kxf3 a6 24. Nd4 Rd7 25. c4 Rdc7 26. Rb1 dxc4 27. bxc4 Rxc4 28. Rxb7 Bxd4 29. Rxd4 Rxd4 30. exd4 Rc3+ 31. Ke4 Rc2 32. a4 Rc4 33. a5 Ra4 34. h3 Rxa5 35. g4 h4 36. Ra7 Ra3 37.
f5 gxf5+ 38. gxf5 exf5+ 39. Kxf5 Kg7 40. Kg5 Ra4 41. d5 Ra5 42. Kxh4 Rxd5 43. Rxa6 f6 44. Kg4 Kg6 45. h4 Rd4+ 46. Kg3 Rb4 47. Ra5 Rb3+ 48. Kg4 Rb4+ 49. Kg3 Rb3+ 50. Kg4 Rb1 51. h5+ Kh6 52. Ra6 Rg1+ 53. Kf5 Rf1+ 54. Kg4 Rf2 55. Rb6 Rg2+ 56. Kf3 Rg5 57. Rxf6+ Kg7 58. Rf4 Rxh5 59. Rb4 Kf6 60. Kg4 Rg5+ 61. Kf4 Rg1 62. Rb6+ Ke7 63. Rb5 Kd6 64.
Rf5 Rf1+ 65. Kg5 Rxf5+ 66. Kxf5 1/2-1/2

[Event "Early-Titled-Tuesday-Blitz-February-06-2024"]
[Site "Chess.com"]
[Date "2024.02.06"]
[Round "2"]
[White "Jojo_898"]
[Black "AlexTruskavetsky"]
[Result "0-1"]
[WhiteElo "2449"]
[BlackElo "2710"]
[TimeControl "180+1"]
[EndTime "8:18:56 PST"]
[Termination "AlexTruskavetsky won by resignation"]

1. e4 c5 2. Nf3 Nc6 3. c3 Nf6 4. Bd3 d5 5. e5 Nd7 6. Qe2 e6 7. O-O Qc7 8. Bc2 f6 9. exf6 Nxf6 10. d4 cxd4 11. cxd4 Bd6 12. Nc3 a6 13. Bg5 O-O 14. Rac1 Qf7 15. Ne5 Nxd4 16. Nxf7 Nxe2+ 17. Kh1 Rxf7 18.
Nxe2 Bd7 19. Nc3 Raf8 20. f3 Bc6 21. Rfe1 Re8 22. Rcd1 h6 23. Bh4 g5 24. Bf2 Kg7 25.
Re2 g4 26. Bh4 h5 27. Rde1 e5 28. Bb3 gxf3 29. gxf3 d4 30. Rg2+ Kf8 31. Bxf7 Kxf7 32. Ne4 Nxe4 33. fxe4 Bb5 34. Rg5 d3 35. Rf1+ Ke6 36.
Rg6+ Kd7 37. Rf7+ Kc6 38. Rff6 Rd8 39. Re6 d2 40. Rg1 Rc8 41. Be7 Kd7 42. Rxd6+ Kxe7 43. Rxd2 Rc4 44. Re1 Bc6 45. Rde2 h4 46. Kg2 Rd4 47. Kf3 Rd3+ 48. Re3 Rd2 49. R1e2 Rd1 50. Rg2 h3 51. Rg7+ Kf6 52. Rh7 Bd7 53. Ke2 Bg4+ 54. Kf2 Rb1 55.
Kg3 Be6 56. Rh6+ Ke7 57. Rc3 Rxb2 58. Rc7+ Kd8 59. Rg7 Rg2+ 60. Kf3 Rxg7 61. Rxe6 Rg2 62. Rb6 Kc7 63. Re6 Rxh2 64. Kg3 Re2 65. Kxh3 Rxe4 66. Kg3 Re2 0-1